Senators vs Sasquatch
(R2)
Created - October 29, 2017 at 00:23
Goals
|
| Senators |
0 |
2 |
3 |
5 |
| Sasquatch |
1 |
1 |
2 |
4 |
|
Shots
|
| Senators |
14 |
6 |
12 |
32 |
| Sasquatch |
10 |
14 |
16 |
40 |
|
1st period
1. Sasquatch , Drew Shore 5 (Jason Zucker 1) at 14:26
Penalties :
Ryan Strome (Gat) for Kneeing (Minor) at 6:03, Matt Frattin (BIN) for Hooking (Minor) at 9:47
2nd period
2. Senators , Gabriel Landeskog 1 (Patrick Wey 3) at 14:36
3. Senators , Nicolas Deslauriers 1 (Marc-André Bernier 4, Gabriel Bourque 6) at 15:44
4. Sasquatch , Jonathan Blum 2 (Jason Akeson 4) at 19:18
Penalties :
Chris Thorburn (BIN) for Roughing (Minor) at 2:39, Jason Akeson (Gat) for Kneeing (Minor) at 15:53
3rd period
5. Sasquatch , Garnet Hathaway 2 (Brock Trotter 2, Rickard Rakell 1) at 3:43
6. Senators , Sergei Kostitsyn 5 (Chris Thorburn 8) at 3:47
7. Sasquatch , Ryan Strome 2 (Slava Voynov 1, Drew Shore 7) at 5:52
8. Senators , Sergei Kostitsyn 6 (Patrick Wey 4, Logan Stephenson 3) at 15:39 (PP)
9. Senators , Nick Bjugstad 2 (Gabriel Landeskog 3, Nicolas Deslauriers 6) at 19:32 (PP)
Penalties :
Tommy Wingels (BIN) for Tripping (Minor) at 0:08, Olli Maatta (Gat) for Interference (Minor) at 9:54, Jason Akeson (Gat) for Hooking (Minor) at 14:16, Stephane Da Costa (Gat) for Hooking (Minor) at 18:19
Goalie Stats
Brad Thiessen (BIN), 36 saves from 40 shots - (0.900), W, 4-1-0, 60:00 minutes
Corey Crawford (Gat), 27 saves from 32 shots - (0.844), L, 2-4-0, 59:36 minutes
Players Stats for Senators
Player Name G A P +/- PIM S H SB GA TA FO MP PP MP PK MP
------------------------------------------------------------------------------------
Chandler Stephenson 0 0 0 0 0 0 0 0 0 0 0/0 3:06 0:00 1:21
Chris Thorburn 0 1 1 0 2 4 0 1 0 1 2/4 20:16 3:56 1:07
Dylan Blujus 0 0 0 0 0 0 1 0 0 0 0/0 13:57 1:58 0:00
Gabriel Bourque 0 1 1 1 0 2 0 0 0 0 0/0 11:29 0:00 1:47
Gabriel Landeskog 1 1 2 -1 0 3 1 3 1 0 0/0 19:49 4:33 3:41
Jeff Petry 0 0 0 0 0 0 2 0 0 0 0/0 15:11 1:23 2:49
Keegan Lowe 0 0 0 0 0 0 3 0 0 0 0/0 10:40 0:07 0:00
Logan Stephenson 0 1 1 -1 0 2 5 3 1 0 0/0 29:58 5:03 3:08
Marc-André Bernier 0 1 1 1 0 1 0 0 0 1 0/1 9:42 0:00 0:00
Matt Frattin 0 0 0 -1 2 1 1 1 0 1 0/1 17:39 4:33 0:00
Nick Bjugstad 1 0 1 -1 0 2 3 0 0 0 4/9 16:02 4:33 0:00
Nicolas Deslauriers 1 1 2 0 0 1 2 1 1 0 0/0 20:16 3:30 2:49
Patrick Bordeleau 0 0 0 -1 0 1 1 0 0 0 0/0 7:11 0:00 0:00
Patrick Wey 0 2 2 -1 0 3 2 5 0 1 0/0 29:58 5:05 3:08
Phil Di Giuseppe 0 0 0 0 0 0 0 0 0 0 0/0 0:19 0:04 0:00
Rocco Grimaldi 0 0 0 0 0 0 0 0 0 0 0/0 0:00 0:00 0:00
Ryan Dzingel 0 0 0 0 0 0 0 0 0 0 0/0 2:23 0:04 0:26
Sergei Kostitsyn 2 0 2 0 0 7 1 1 0 0 7/10 22:37 3:56 3:32
Shane Prince 0 0 0 1 0 0 0 0 0 0 4/7 9:42 0:00 0:00
Tomas Jurco 0 0 0 -1 0 1 0 0 0 0 0/0 7:30 0:04 0:00
Tommy Wingels 0 0 0 0 2 4 0 0 0 0 11/25 19:04 3:56 0:00
Zemgus Girgensons 0 0 0 -1 0 0 1 0 0 0 2/3 7:11 0:00 0:00
Players Stats for Sasquatch
Player Name G A P +/- PIM S H SB GA TA FO MP PP MP PK MP
------------------------------------------------------------------------------------
Brock Trotter 0 1 1 1 0 0 1 1 0 0 0/1 11:17 0:00 1:01
Drew Shore 1 1 2 1 0 4 0 0 0 0 8/13 19:50 3:16 4:39
Filip Forsberg 0 0 0 -1 0 7 0 0 0 1 0/3 19:05 3:16 1:41
Garnet Hathaway 1 0 1 1 0 4 2 2 0 0 1/1 14:41 0:00 4:07
Jason Akeson 0 1 1 -1 4 4 1 1 1 0 3/3 17:32 3:16 0:00
Jason Zucker 0 1 1 1 0 4 2 0 0 0 0/0 14:05 2:41 0:00
Joey Laleggia 0 0 0 0 0 0 0 1 0 1 0/0 12:12 0:00 1:38
Jonathan Blum 1 0 1 2 0 1 1 3 0 0 0/0 23:20 2:33 3:32
Nick Leddy 0 0 0 -1 0 2 2 0 0 0 0/0 22:52 3:24 0:00
Olli Maatta 0 0 0 0 2 1 1 0 0 0 0/0 13:44 0:00 2:29
Rickard Rakell 0 1 1 1 0 1 1 0 0 0 1/6 10:16 0:00 0:00
Ryan Strome 1 0 1 1 2 1 1 0 0 0 0/0 15:18 2:41 0:00
Sergey Kalinin 0 0 0 0 0 1 0 0 0 1 2/6 12:13 0:00 2:49
Slava Voynov 0 1 1 2 0 2 1 2 0 0 0/0 22:03 2:33 4:26
Stephane Da Costa 0 0 0 -1 2 1 3 0 2 0 15/27 16:35 2:41 0:00
Teemu Hartikainen 0 0 0 0 0 5 1 0 0 0 0/0 12:13 0:00 2:49
Tyler Randell 0 0 0 0 0 0 1 0 0 0 0/0 8:00 0:00 0:00
Yann Sauvé 0 0 0 -1 0 2 1 2 1 0 0/0 26:06 3:24 5:01
3 Stars
1 - Sergei Kostitsyn (BIN)
2 - Nicolas Deslauriers (BIN)
3 - Jonathan Blum (Gat)
Power Play
Senators - 2 on 5 Attempt(s) - 40.00%
Sasquatch - 0 on 3 Attempt(s) - 0.00%
Penalty Kill
Senators - 3 on 3 Attempt(s) - 100.00%
- Score 0 goal in Penalty Kill
Sasquatch - 3 on 5 Attempt(s) - 60.00%
- Score 0 goal in Penalty Kill
Team Stat
Senators - Hits : 23 - Faceoff Wins : 30 - Blocked Shots : 15 - Penalty Minutes : 6
Sasquatch - Hits : 19 - Faceoff Wins : 30 - Blocked Shots : 12 - Penalty Minutes : 10
Official
Referees : Rehman Kyle and Martell Rob
Linesman : Ryan Galloway and Pierre Champoux
Game Notes
Jeff Petry is injured at 6:20 of 3rd period (Bruised Left Shoulder)
Finance
Level 1 -- Attendance: 1539 (76.95%) -- Ticket Income $61,560
Level 2 -- Attendance: 796 (79.60%) -- Ticket Income $15,920
Total Attendance: 2335 (77.83%)
Total Ticket Income: $77,480
Other Income: $3,874
Total Income: $81,354
Senators
5 vs 5 Forward
Center Left Wing Right Wing Time % Phy DF OF
1 Tommy Wingels Sergei Kostitsyn Chris Thorburn 40 1 2 2
2 Nick Bjugstad Gabriel Landeskog Matt Frattin 30 1 2 2
3 Shane Prince Gabriel Bourque Marc-André Bernier 20 1 2 2
4 Zemgus Girgensons Patrick Bordeleau Tomas Jurco 10 1 2 2
5 vs 5 Defense
Defense Defense Time % Phy DF OF
1 Logan Stephenson Patrick Wey 40 1 2 2
2 Jeff Petry Nicolas Deslauriers 30 1 2 2
3 Dylan Blujus Keegan Lowe 20 1 2 2
4 Logan Stephenson Patrick Wey 10 1 2 2
PowerPlay Forward
Center Left Wing Right Wing Time % Phy DF OF
1 Tommy Wingels Sergei Kostitsyn Chris Thorburn 60 1 2 2
2 Nick Bjugstad Gabriel Landeskog Matt Frattin 40 1 2 2
PowerPlay Defense
Defense Defense Time % Phy DF OF
1 Logan Stephenson Patrick Wey 60 1 2 2
2 Jeff Petry Nicolas Deslauriers 40 1 2 2
Penalty Kill 4 Players Forward
Center Wing Time % Phy DF OF
1 Sergei Kostitsyn Gabriel Landeskog 60 1 2 2
2 Chris Thorburn Gabriel Bourque 40 1 2 2
Penalty Kill 4 Players Defense
Defense Defense Time % Phy DF OF
1 Logan Stephenson Patrick Wey 60 1 2 2
2 Jeff Petry Nicolas Deslauriers 40 1 2 2
Penalty Kill - 3 Players Forward
Forward Time % Phy DF OF
1 Sergei Kostitsyn 60 1 2 2
2 Gabriel Landeskog 40 1 2 2
Penalty Kill - 3 Players Defense
Defense Defense Time % Phy DF OF
1 Logan Stephenson Patrick Wey 60 1 2 2
2 Jeff Petry Nicolas Deslauriers 40 1 2 2
4 vs 4 Forward
Center Wing Time % Phy DF OF
1 Sergei Kostitsyn Gabriel Landeskog 60 1 2 2
2 Chris Thorburn Gabriel Bourque 40 1 2 2
4 vs 4 Defense
Defense Defense Time % Phy DF OF
1 Logan Stephenson Patrick Wey 60 1 2 2
2 Jeff Petry Nicolas Deslauriers 40 1 2 2
Last Minutes Offensive
Center Left Wing Right Wing Defense Defense
Tommy Wingels Sergei Kostitsyn Chris Thorburn Logan Stephenson Patrick Wey
Last Minutes Defensive
Center Left Wing Right Wing Defense Defense
Tommy Wingels Sergei Kostitsyn Chris Thorburn Logan Stephenson Patrick Wey
Goaltenders
Starting : Brad Thiessen
Backup : Ben Bishop
Extra Forwards
Normal : Ryan Dzingel, Phil Di Giuseppe, Chandler Stephenson - PP : Ryan Dzingel, Phil Di Giuseppe - PK : Chandler Stephenson
Extra Defensemen
Normal : Dylan Blujus, Keegan Lowe, Jeff Petry - PP : Dylan Blujus - PK : Keegan Lowe, Jeff Petry
Penalty Shots
Sergei Kostitsyn, Gabriel Landeskog, Chris Thorburn, Gabriel Bourque, Tommy Wingels
Scratches
Martin Marincin (Right Eye Injury), Jeff Petry (Bruised Left Shoulder Injury), Shane Sims (Healthy), Matt Tomkins (Healthy)
Sasquatch
5 vs 5 Forward
Center Left Wing Right Wing Time % Phy DF OF
1 Stephane Da Costa Filip Forsberg Jason Akeson 40 1 2 2
2 Drew Shore Jason Zucker Ryan Strome 30 1 2 2
3 Rickard Rakell Brock Trotter Garnet Hathaway 20 1 2 2
4 Sergey Kalinin Teemu Hartikainen Tyler Randell 10 1 2 2
5 vs 5 Defense
Defense Defense Time % Phy DF OF
1 Yann Sauvé Nick Leddy 40 1 2 2
2 Slava Voynov Jonathan Blum 30 1 2 2
3 Olli Maatta Joey Laleggia 20 1 2 2
4 Jonathan Blum Nick Leddy 10 1 2 2
PowerPlay Forward
Center Left Wing Right Wing Time % Phy DF OF
1 Drew Shore Filip Forsberg Jason Akeson 60 1 2 2
2 Stephane Da Costa Jason Zucker Ryan Strome 40 1 2 2
PowerPlay Defense
Defense Defense Time % Phy DF OF
1 Nick Leddy Yann Sauvé 60 1 2 2
2 Slava Voynov Jonathan Blum 40 1 2 2
Penalty Kill 4 Players Forward
Center Wing Time % Phy DF OF
1 Drew Shore Garnet Hathaway 60 1 2 2
2 Sergey Kalinin Teemu Hartikainen 40 1 2 2
Penalty Kill 4 Players Defense
Defense Defense Time % Phy DF OF
1 Yann Sauvé Slava Voynov 60 1 2 2
2 Olli Maatta Jonathan Blum 40 1 2 2
Penalty Kill - 3 Players Forward
Forward Time % Phy DF OF
1 Drew Shore 60 1 2 2
2 Rickard Rakell 40 1 2 2
Penalty Kill - 3 Players Defense
Defense Defense Time % Phy DF OF
1 Slava Voynov Yann Sauvé 60 1 2 2
2 Jonathan Blum Olli Maatta 40 1 2 2
4 vs 4 Forward
Center Wing Time % Phy DF OF
1 Drew Shore Filip Forsberg 60 1 2 2
2 Stephane Da Costa Tyler Randell 40 1 2 2
4 vs 4 Defense
Defense Defense Time % Phy DF OF
1 Joey Laleggia Yann Sauvé 60 1 2 2
2 Nick Leddy Jonathan Blum 40 1 2 2
Last Minutes Offensive
Center Left Wing Right Wing Defense Defense
Stephane Da Costa Filip Forsberg Jason Akeson Nick Leddy Jonathan Blum
Last Minutes Defensive
Center Left Wing Right Wing Defense Defense
Drew Shore Teemu Hartikainen Garnet Hathaway Yann Sauvé Jonathan Blum
Goaltenders
Starting : Corey Crawford
Backup : Joonas Korpisalo
Extra Forwards
Normal : Rickard Rakell, Teemu Hartikainen, Stephane Da Costa - PP : Jason Zucker, Rickard Rakell - PK : Filip Forsberg
Extra Defensemen
Normal : Jonathan Blum, Slava Voynov, Yann Sauvé - PP : Yann Sauvé - PK : Slava Voynov, Joey Laleggia
Penalty Shots
Ryan Strome, Tyler Randell, Jason Zucker, Nick Leddy, Filip Forsberg
Scratches
Andy Andreoff (Healthy), T.J. Tynan (Healthy), Danny DeKeiser (Healthy), Michal Jordan (Abdomen/Ribs Injury), Jack Campbell (Healthy)
% Time on Ice - Senators
Lines # - Real PCT - Wanted PCT - Time Play
Normal Forward
1 - 37% - 40% - 16:41
2 - 25% - 30% - 11:29
3 - 22% - 20% - 9:42
4 - 16% - 10% - 7:11
Normal Defense
1 - 42% - 40% - 18:51
2 - 33% - 30% - 14:57
3 - 21% - 20% - 9:33
4 - 4% - 10% - 1:42
PP Forward
1 - 47% - 60% - 4:00
2 - 53% - 40% - 4:33
PP Defense
1 - 58% - 60% - 4:56
2 - 42% - 40% - 3:37
PK Forward
1 - 70% - 60% - 4:10
2 - 30% - 40% - 1:47
PK Defense
1 - 53% - 60% - 3:08
2 - 47% - 40% - 2:49
PK3 Forward
1 - 0% - 60%
2 - 0% - 40%
PK3 Defense
1 - 0% - 60%
2 - 0% - 40%
44 Forward
1 - 0% - 60%
2 - 0% - 40%
44 Defense
1 - 0% - 60%
2 - 0% - 40%
Last Minute Offensive - 0:00
Last Minute Defensive - 0:27
Total
Forward - 60:00
Defense - 60:00
|
% Time on Ice - Sasquatch
Lines # - Real PCT - Wanted PCT - Time Play
Normal Forward
1 - 31% - 40% - 13:59
2 - 28% - 30% - 12:48
3 - 23% - 20% - 10:16
4 - 18% - 10% - 8:00
Normal Defense
1 - 39% - 40% - 17:41
2 - 32% - 30% - 14:28
3 - 23% - 20% - 10:34
4 - 5% - 10% - 2:20
PP Forward
1 - 55% - 60% - 3:16
2 - 45% - 40% - 2:41
PP Defense
1 - 57% - 60% - 3:24
2 - 43% - 40% - 2:33
PK Forward
1 - 67% - 60% - 5:44
2 - 33% - 40% - 2:49
PK Defense
1 - 59% - 60% - 5:01
2 - 41% - 40% - 3:32
PK3 Forward
1 - 0% - 60%
2 - 0% - 40%
PK3 Defense
1 - 0% - 60%
2 - 0% - 40%
44 Forward
1 - 0% - 60%
2 - 0% - 40%
44 Defense
1 - 0% - 60%
2 - 0% - 40%
Last Minute Offensive - 0:27
Last Minute Defensive - 0:00
Total
Forward - 60:00
Defense - 60:00
|
Play by Play
1st period
0:01 of 1st period - Stephane Da Costa wins face-off versus Sergei Kostitsyn in neutral zone.
1:15 of 1st period - Wrist shot by Teemu Hartikainen.
1:15 of 1st period - Stopped by Brad Thiessen without a rebound.
1:16 of 1st period - Tommy Wingels wins face-off versus Sergey Kalinin in Senators zone.
1:21 of 1st period - Olli Maatta is hit by Sergei Kostitsyn and loses puck.
1:40 of 1st period - Tommy Wingels is hit by Tyler Randell and loses puck.
1:49 of 1st period - Snap shot by Sergey Kalinin.
1:49 of 1st period - Shot Blocked by Chris Thorburn.
1:55 of 1st period - Wrist shot by Chris Thorburn.
1:55 of 1st period - Shot Blocked by Jonathan Blum.
1:57 of 1st period - Slapshot by Chris Thorburn.
1:57 of 1st period - Stopped by Corey Crawford with a rebound.
1:59 of 1st period - Wrist shot by Chris Thorburn.
1:59 of 1st period - Shot Misses the Net.
2:01 of 1st period - Wrist shot by Tommy Wingels.
2:01 of 1st period - Stopped by Corey Crawford with a rebound.
2:15 of 1st period - Snap shot by Sergei Kostitsyn.
2:15 of 1st period - Stopped by Corey Crawford with a rebound.
2:17 of 1st period - Snap shot by Tommy Wingels.
2:17 of 1st period - Stopped by Corey Crawford without a rebound.
2:18 of 1st period - Jason Akeson wins face-off versus Nick Bjugstad in Sasquatch zone.
2:43 of 1st period - Gabriel Bourque is hit by Jason Zucker and loses puck.
3:42 of 1st period - Wrist shot by Marc-André Bernier.
3:42 of 1st period - Stopped by Corey Crawford with a rebound.
4:57 of 1st period - Snap shot by Drew Shore.
4:57 of 1st period - Shot Misses the Net.
5:31 of 1st period - Snap shot by Teemu Hartikainen.
5:31 of 1st period - Stopped by Brad Thiessen without a rebound.
5:32 of 1st period - Tommy Wingels wins face-off versus Sergey Kalinin in Senators zone.
5:41 of 1st period - Snap shot by Tommy Wingels.
5:41 of 1st period - Stopped by Corey Crawford without a rebound.
5:42 of 1st period - Nick Bjugstad wins face-off versus Stephane Da Costa in Sasquatch zone.
5:51 of 1st period - Snap shot by Nick Bjugstad.
5:51 of 1st period - Shot Misses the Net.
5:53 of 1st period - Wrist shot by Patrick Wey.
5:53 of 1st period - Shot Blocked by Yann Sauvé.
5:55 of 1st period - Wrist shot by Nick Bjugstad.
5:55 of 1st period - Stopped by Corey Crawford with a rebound.
5:57 of 1st period - Snap shot by Patrick Wey.
5:57 of 1st period - Stopped by Corey Crawford without a rebound.
5:58 of 1st period - Tommy Wingels wins face-off versus Drew Shore in Sasquatch zone.
5:59 of 1st period - Wrist shot by Sergei Kostitsyn.
5:59 of 1st period - Stopped by Corey Crawford without a rebound.
6:00 of 1st period - Drew Shore wins face-off versus Tommy Wingels in Sasquatch zone.
6:00 of 1st period - Drew Shore is hit by Patrick Wey.
6:03 of 1st period - Minor Penalty to Ryan Strome for Kneeing.
6:04 of 1st period - Drew Shore wins face-off versus Tommy Wingels in Sasquatch zone.
6:19 of 1st period - Wrist shot by Garnet Hathaway.
6:19 of 1st period - Stopped by Brad Thiessen without a rebound.
6:20 of 1st period - Drew Shore wins face-off versus Tommy Wingels in Senators zone.
8:03 of 1st period - Penalty to Ryan Strome is over, Ryan Strome is back on ice.
8:03 of 1st period - Matt Frattin is hit by Slava Voynov and loses puck.
8:16 of 1st period - Snap shot by Teemu Hartikainen.
8:16 of 1st period - Stopped by Brad Thiessen with a rebound.
9:16 of 1st period - Snap shot by Tomas Jurco.
9:16 of 1st period - Stopped by Corey Crawford without a rebound.
9:17 of 1st period - Chris Thorburn wins face-off versus Stephane Da Costa in Sasquatch zone.
9:20 of 1st period - Wrist shot by Tommy Wingels.
9:20 of 1st period - Shot Misses the Net.
9:39 of 1st period - Icing by Patrick Wey.
9:40 of 1st period - Tommy Wingels wins face-off versus Rickard Rakell in Senators zone.
9:40 of 1st period - Tommy Wingels is hit by Rickard Rakell.
9:47 of 1st period - Minor Penalty to Matt Frattin for Hooking.
9:48 of 1st period - Jason Akeson wins face-off versus Sergei Kostitsyn in Senators zone.
9:55 of 1st period - Slapshot by Nick Leddy.
9:55 of 1st period - Stopped by Brad Thiessen with a rebound.
10:15 of 1st period - Sergei Kostitsyn is hit by Stephane Da Costa and loses puck.
11:20 of 1st period - Ryan Strome is hit by Patrick Wey and loses puck.
11:47 of 1st period - Penalty to Matt Frattin is over, Matt Frattin is back on ice.
12:11 of 1st period - Snap shot by Logan Stephenson.
12:11 of 1st period - Stopped by Corey Crawford with a rebound.
13:05 of 1st period - Slapshot by Matt Frattin.
13:05 of 1st period - Stopped by Corey Crawford with a rebound.
13:24 of 1st period - Backhand shot by Teemu Hartikainen.
13:24 of 1st period - Stopped by Brad Thiessen without a rebound.
13:25 of 1st period - Stephane Da Costa wins face-off versus Marc-André Bernier in Senators zone.
13:26 of 1st period - Snap shot by Jason Akeson.
13:26 of 1st period - Shot Misses the Net.
13:50 of 1st period - Chris Thorburn is hit by Ryan Strome and loses puck.
14:22 of 1st period - Wrist shot by Jason Zucker.
14:22 of 1st period - Shot Misses the Net.
14:24 of 1st period - Wrist shot by Jason Zucker.
14:24 of 1st period - Stopped by Brad Thiessen with a rebound.
14:26 of 1st period - Slapshot by Drew Shore.
14:26 of 1st period - Goal by Drew Shore - Senators : 0 - Sasquatch : 1.
14:27 of 1st period - Shane Prince wins face-off versus Stephane Da Costa in neutral zone.
14:42 of 1st period - Snap shot by Marc-André Bernier.
14:42 of 1st period - Shot Misses the Net.
15:42 of 1st period - Jason Akeson is hit by Nick Bjugstad and loses puck.
16:34 of 1st period - Wrist shot by Tommy Wingels.
16:34 of 1st period - Stopped by Corey Crawford without a rebound.
16:35 of 1st period - Drew Shore wins face-off versus Tommy Wingels in Sasquatch zone.
16:48 of 1st period - Slapshot by Jason Zucker.
16:48 of 1st period - Stopped by Brad Thiessen without a rebound.
16:49 of 1st period - Nick Bjugstad wins face-off versus Stephane Da Costa in Senators zone.
16:49 of 1st period - Nick Bjugstad is hit by Yann Sauvé.
18:21 of 1st period - Snap shot by Drew Shore.
18:21 of 1st period - Shot Blocked by Patrick Wey.
18:23 of 1st period - Slapshot by Olli Maatta.
18:23 of 1st period - Shot Misses the Net.
18:25 of 1st period - Wrist shot by Olli Maatta.
18:25 of 1st period - Stopped by Brad Thiessen with a rebound.
18:55 of 1st period - Slapshot by Logan Stephenson.
18:55 of 1st period - Deflect By Patrick Bordeleau.
18:55 of 1st period - Stopped by Corey Crawford with a rebound.
Goals for this period are 0 for Senators vs 1 for Sasquatch.
Shots for this period are 14 for Senators vs 10 for Sasquatch.
2nd period
0:01 of 2nd period - Nick Bjugstad wins face-off versus Stephane Da Costa in neutral zone.
1:40 of 2nd period - Snap shot by Sergey Kalinin.
1:40 of 2nd period - Shot Misses the Net.
1:42 of 2nd period - Snap shot by Teemu Hartikainen.
1:42 of 2nd period - Deflect By Tyler Randell.
1:42 of 2nd period - Shot Misses the Net.
1:42 of 2nd period - Puck is out of play.
1:43 of 2nd period - Shane Prince wins face-off versus Sergey Kalinin in Senators zone.
1:48 of 2nd period - Dylan Blujus is hit by Teemu Hartikainen and loses puck.
1:59 of 2nd period - Wrist shot by Teemu Hartikainen.
1:59 of 2nd period - Shot Misses the Net.
2:05 of 2nd period - Backhand shot by Sergey Kalinin.
2:05 of 2nd period - Stopped by Brad Thiessen without a rebound.
2:06 of 2nd period - Stephane Da Costa wins face-off versus Nick Bjugstad in Senators zone.
2:07 of 2nd period - Wrist shot by Jason Akeson.
2:07 of 2nd period - Shot Misses the Net.
2:39 of 2nd period - Minor Penalty to Chris Thorburn for Roughing.
2:40 of 2nd period - Sergei Kostitsyn wins face-off versus Filip Forsberg in Senators zone.
2:50 of 2nd period - Wrist shot by Filip Forsberg.
2:50 of 2nd period - Shot Blocked by Gabriel Landeskog.
2:52 of 2nd period - Snap shot by Filip Forsberg.
2:52 of 2nd period - Stopped by Brad Thiessen without a rebound.
2:53 of 2nd period - Sergei Kostitsyn wins face-off versus Drew Shore in Senators zone.
3:55 of 2nd period - Icing by Filip Forsberg.
3:56 of 2nd period - Sergei Kostitsyn wins face-off versus Drew Shore in Sasquatch zone.
4:39 of 2nd period - Penalty to Chris Thorburn is over, Chris Thorburn is back on ice.
5:10 of 2nd period - Yann Sauvé is hit by Dylan Blujus and loses puck.
5:17 of 2nd period - Wrist shot by Patrick Wey.
5:17 of 2nd period - Shot Misses the Net.
5:46 of 2nd period - Wrist shot by Drew Shore.
5:46 of 2nd period - Stopped by Brad Thiessen without a rebound.
5:47 of 2nd period - Shane Prince wins face-off versus Rickard Rakell in Senators zone.
5:52 of 2nd period - Snap shot by Marc-André Bernier.
5:52 of 2nd period - Shot Blocked by Garnet Hathaway.
6:23 of 2nd period - Sergei Kostitsyn is hit by Jason Akeson.
7:13 of 2nd period - Off-side.
7:14 of 2nd period - Zemgus Girgensons wins face-off versus Rickard Rakell in neutral zone.
7:28 of 2nd period - Snap shot by Garnet Hathaway.
7:28 of 2nd period - Stopped by Brad Thiessen with a rebound.
7:30 of 2nd period - Slapshot by Nick Leddy.
7:30 of 2nd period - Deflect By Garnet Hathaway.
7:30 of 2nd period - Stopped by Brad Thiessen with a rebound.
7:40 of 2nd period - Yann Sauvé is hit by Nicolas Deslauriers and loses puck.
7:59 of 2nd period - Slava Voynov is hit by Nick Bjugstad and loses puck.
8:21 of 2nd period - Off-side.
8:22 of 2nd period - Shane Prince wins face-off versus Rickard Rakell in neutral zone.
8:27 of 2nd period - Slapshot by Gabriel Bourque.
8:27 of 2nd period - Shot Blocked by Joey Laleggia.
8:29 of 2nd period - Wrist shot by Gabriel Bourque.
8:29 of 2nd period - Stopped by Corey Crawford with a rebound.
9:12 of 2nd period - Logan Stephenson is hit by Nick Leddy and loses puck.
9:55 of 2nd period - Slapshot by Jason Akeson.
9:55 of 2nd period - Stopped by Brad Thiessen with a rebound.
10:01 of 2nd period - Snap shot by Logan Stephenson.
10:01 of 2nd period - Stopped by Corey Crawford with a rebound.
10:31 of 2nd period - Snap shot by Gabriel Bourque.
10:31 of 2nd period - Stopped by Corey Crawford without a rebound.
10:32 of 2nd period - Sergei Kostitsyn wins face-off versus Stephane Da Costa in Sasquatch zone.
10:41 of 2nd period - Slapshot by Sergei Kostitsyn.
10:41 of 2nd period - Stopped by Corey Crawford with a rebound.
10:43 of 2nd period - Slapshot by Tommy Wingels.
10:43 of 2nd period - Shot Misses the Net.
10:45 of 2nd period - Slapshot by Sergei Kostitsyn.
10:45 of 2nd period - Shot Misses the Net.
11:21 of 2nd period - Nick Leddy is hit by Keegan Lowe and loses puck.
11:42 of 2nd period - Wrist shot by Brock Trotter.
11:42 of 2nd period - Shot Blocked by Nicolas Deslauriers.
11:56 of 2nd period - Wrist shot by Stephane Da Costa.
11:56 of 2nd period - Shot Misses the Net.
11:58 of 2nd period - Wrist shot by Jason Akeson.
11:58 of 2nd period - Shot Blocked by Matt Frattin.
12:02 of 2nd period - Snap shot by Stephane Da Costa.
12:02 of 2nd period - Shot Blocked by Gabriel Landeskog.
12:06 of 2nd period - Snap shot by Stephane Da Costa.
12:06 of 2nd period - Shot Misses the Net.
12:16 of 2nd period - Jason Zucker is hit by Keegan Lowe and loses puck.
12:35 of 2nd period - Joey Laleggia is hit by Logan Stephenson and loses puck.
12:56 of 2nd period - Garnet Hathaway is hit by Jeff Petry and loses puck.
13:07 of 2nd period - Snap shot by Jason Akeson.
13:07 of 2nd period - Shot Misses the Net.
13:15 of 2nd period - Snap shot by Filip Forsberg.
13:15 of 2nd period - Stopped by Brad Thiessen without a rebound.
13:16 of 2nd period - Stephane Da Costa wins face-off versus Tommy Wingels in Senators zone.
13:25 of 2nd period - Snap shot by Stephane Da Costa.
13:25 of 2nd period - Shot Misses the Net.
13:27 of 2nd period - Slapshot by Yann Sauvé.
13:27 of 2nd period - Stopped by Brad Thiessen without a rebound.
13:28 of 2nd period - Chris Thorburn wins face-off versus Filip Forsberg in Senators zone.
14:01 of 2nd period - Snap shot by Jason Zucker.
14:01 of 2nd period - Stopped by Brad Thiessen without a rebound.
14:02 of 2nd period - Stephane Da Costa wins face-off versus Tommy Wingels in Senators zone.
14:17 of 2nd period - Snap shot by Filip Forsberg.
14:17 of 2nd period - Stopped by Brad Thiessen with a rebound.
14:36 of 2nd period - Snap shot by Gabriel Landeskog.
14:36 of 2nd period - Goal by Gabriel Landeskog - Senators : 1 - Sasquatch : 1.
14:37 of 2nd period - Tommy Wingels wins face-off versus Stephane Da Costa in neutral zone.
14:46 of 2nd period - Slapshot by Filip Forsberg.
14:46 of 2nd period - Shot Misses the Net.
14:48 of 2nd period - Backhand shot by Filip Forsberg.
14:48 of 2nd period - Stopped by Brad Thiessen with a rebound.
15:28 of 2nd period - Slapshot by Rickard Rakell.
15:28 of 2nd period - Stopped by Brad Thiessen without a rebound.
15:29 of 2nd period - Stephane Da Costa wins face-off versus Shane Prince in Senators zone.
15:30 of 2nd period - Snap shot by Filip Forsberg.
15:30 of 2nd period - Stopped by Brad Thiessen with a rebound.
15:42 of 2nd period - Slapshot by Marc-André Bernier.
15:42 of 2nd period - Shot Misses the Net.
15:44 of 2nd period - Slapshot by Nicolas Deslauriers.
15:44 of 2nd period - Goal by Nicolas Deslauriers - Senators : 2 - Sasquatch : 1.
15:45 of 2nd period - Tommy Wingels wins face-off versus Stephane Da Costa in neutral zone.
15:53 of 2nd period - Minor Penalty to Jason Akeson for Kneeing.
15:54 of 2nd period - Drew Shore wins face-off versus Tommy Wingels in Sasquatch zone.
16:08 of 2nd period - Snap shot by Sergei Kostitsyn.
16:08 of 2nd period - Shot Misses the Net.
16:10 of 2nd period - Snap shot by Tommy Wingels.
16:10 of 2nd period - Shot Misses the Net.
17:53 of 2nd period - Penalty to Jason Akeson is over, Jason Akeson is back on ice.
18:08 of 2nd period - Marc-André Bernier is hit by Jonathan Blum and loses puck.
18:38 of 2nd period - Jason Akeson is hit by Jeff Petry and loses puck.
19:14 of 2nd period - Off-side.
19:15 of 2nd period - Jason Akeson wins face-off versus Nick Bjugstad in neutral zone.
19:18 of 2nd period - Slapshot by Jonathan Blum.
19:18 of 2nd period - Goal by Jonathan Blum - Senators : 2 - Sasquatch : 2.
19:19 of 2nd period - Tommy Wingels wins face-off versus Stephane Da Costa in neutral zone.
19:32 of 2nd period - Snap shot by Chris Thorburn.
19:32 of 2nd period - Shot Misses the Net.
19:34 of 2nd period - Slapshot by Tommy Wingels.
19:34 of 2nd period - Deflect By Jason Akeson.
19:34 of 2nd period - Shot Misses the Net.
19:34 of 2nd period - Puck is out of play.
19:35 of 2nd period - Drew Shore wins face-off versus Nick Bjugstad in Sasquatch zone.
19:39 of 2nd period - Nick Leddy is hit by Logan Stephenson and loses puck.
19:46 of 2nd period - Nick Leddy is hit by Gabriel Landeskog and loses puck.
Goals for this period are 2 for Senators vs 1 for Sasquatch.
Shots for this period are 6 for Senators vs 14 for Sasquatch.
3rd period
0:01 of 3rd period - Stephane Da Costa wins face-off versus Tommy Wingels in neutral zone.
0:05 of 3rd period - Yann Sauvé is hit by Logan Stephenson and loses puck.
0:08 of 3rd period - Minor Penalty to Tommy Wingels for Tripping.
0:09 of 3rd period - Sergei Kostitsyn wins face-off versus Filip Forsberg in Senators zone.
0:34 of 3rd period - Snap shot by Stephane Da Costa.
0:34 of 3rd period - Stopped by Brad Thiessen with a rebound.
0:36 of 3rd period - Slapshot by Jonathan Blum.
0:36 of 3rd period - Shot Blocked by Patrick Wey.
0:38 of 3rd period - Snap shot by Ryan Strome.
0:38 of 3rd period - Shot Blocked by Patrick Wey.
0:40 of 3rd period - Slapshot by Slava Voynov.
0:40 of 3rd period - Stopped by Brad Thiessen without a rebound.
0:41 of 3rd period - Sergei Kostitsyn wins face-off versus Stephane Da Costa in Senators zone.
0:57 of 3rd period - Slapshot by Filip Forsberg.
0:57 of 3rd period - Shot Misses the Net.
0:59 of 3rd period - Slapshot by Filip Forsberg.
0:59 of 3rd period - Shot Misses the Net.
1:01 of 3rd period - Slapshot by Jason Akeson.
1:01 of 3rd period - Stopped by Brad Thiessen with a rebound.
1:03 of 3rd period - Wrist shot by Jason Akeson.
1:03 of 3rd period - Stopped by Brad Thiessen without a rebound.
1:04 of 3rd period - Drew Shore wins face-off versus Sergei Kostitsyn in Senators zone.
1:11 of 3rd period - Wrist shot by Nick Leddy.
1:11 of 3rd period - Stopped by Brad Thiessen with a rebound.
2:08 of 3rd period - Penalty to Tommy Wingels is over, Tommy Wingels is back on ice.
2:40 of 3rd period - Slapshot by Gabriel Bourque.
2:40 of 3rd period - Shot Misses the Net.
2:46 of 3rd period - Gabriel Bourque is hit by Garnet Hathaway and loses puck.
3:14 of 3rd period - Logan Stephenson is hit by Stephane Da Costa and loses puck.
3:33 of 3rd period - Wrist shot by Nick Bjugstad.
3:33 of 3rd period - Deflect By Gabriel Landeskog.
3:33 of 3rd period - Stopped by Corey Crawford without a rebound.
3:34 of 3rd period - Rickard Rakell wins face-off versus Zemgus Girgensons in Sasquatch zone.
3:41 of 3rd period - Wrist shot by Brock Trotter.
3:41 of 3rd period - Shot Hit the Post.
3:43 of 3rd period - Snap shot by Garnet Hathaway.
3:43 of 3rd period - Goal by Garnet Hathaway - Senators : 2 - Sasquatch : 3.
3:44 of 3rd period - Sergei Kostitsyn wins face-off versus Stephane Da Costa in neutral zone.
3:47 of 3rd period - Wrist shot by Sergei Kostitsyn.
3:47 of 3rd period - Goal by Sergei Kostitsyn - Senators : 3 - Sasquatch : 3.
3:48 of 3rd period - Stephane Da Costa wins face-off versus Chris Thorburn in neutral zone.
3:51 of 3rd period - Slapshot by Yann Sauvé.
3:51 of 3rd period - Stopped by Brad Thiessen with a rebound.
3:53 of 3rd period - Snap shot by Stephane Da Costa.
3:53 of 3rd period - Shot Misses the Net.
3:55 of 3rd period - Slapshot by Yann Sauvé.
3:55 of 3rd period - Deflect By Jason Akeson.
3:55 of 3rd period - Stopped by Brad Thiessen with a rebound.
3:57 of 3rd period - Slapshot by Yann Sauvé.
3:57 of 3rd period - Shot Blocked by Logan Stephenson.
4:13 of 3rd period - Jason Zucker is hit by Matt Frattin and loses puck.
4:51 of 3rd period - Nicolas Deslauriers is hit by Jason Zucker and loses puck.
5:40 of 3rd period - Slapshot by Jason Zucker.
5:40 of 3rd period - Stopped by Brad Thiessen with a rebound.
5:42 of 3rd period - Wrist shot by Ryan Strome.
5:42 of 3rd period - Shot Blocked by Logan Stephenson.
5:44 of 3rd period - Snap shot by Ryan Strome.
5:44 of 3rd period - Shot Blocked by Patrick Wey.
5:48 of 3rd period - Wrist shot by Drew Shore.
5:48 of 3rd period - Stopped by Brad Thiessen with a rebound.
5:50 of 3rd period - Slapshot by Slava Voynov.
5:50 of 3rd period - Stopped by Brad Thiessen with a rebound.
5:52 of 3rd period - Backhand shot by Ryan Strome.
5:52 of 3rd period - Goal by Ryan Strome - Senators : 3 - Sasquatch : 4.
5:53 of 3rd period - Tommy Wingels wins face-off versus Stephane Da Costa in neutral zone.
6:19 of 3rd period - Jeff Petry is hit by Brock Trotter and loses puck.
6:20 of 3rd period - Jeff Petry from Senators is injured at 6:20 of 3rd period (Bruised Left Shoulder).
6:21 of 3rd period - Stephane Da Costa wins face-off versus Tommy Wingels in Senators zone.
6:48 of 3rd period - Snap shot by Gabriel Landeskog.
6:48 of 3rd period - Stopped by Corey Crawford without a rebound.
6:49 of 3rd period - Nick Bjugstad wins face-off versus Drew Shore in Sasquatch zone.
7:02 of 3rd period - Jason Zucker is hit by Nicolas Deslauriers and loses puck.
7:13 of 3rd period - Wrist shot by Drew Shore.
7:13 of 3rd period - Shot Misses the Net.
7:15 of 3rd period - Wrist shot by Jason Zucker.
7:15 of 3rd period - Shot Blocked by Gabriel Landeskog.
7:25 of 3rd period - Slapshot by Jason Zucker.
7:25 of 3rd period - Shot Misses the Net.
7:43 of 3rd period - Snap shot by Drew Shore.
7:43 of 3rd period - Stopped by Brad Thiessen without a rebound.
7:44 of 3rd period - Stephane Da Costa wins face-off versus Tommy Wingels in Senators zone.
7:57 of 3rd period - Slapshot by Logan Stephenson.
7:57 of 3rd period - Shot Blocked by Jason Akeson.
7:59 of 3rd period - Slapshot by Patrick Wey.
7:59 of 3rd period - Shot Misses the Net.
8:09 of 3rd period - Filip Forsberg is hit by Patrick Bordeleau and loses puck.
8:16 of 3rd period - Logan Stephenson is hit by Stephane Da Costa and loses puck.
9:44 of 3rd period - Brock Trotter is hit by Logan Stephenson and loses puck.
9:54 of 3rd period - Minor Penalty to Olli Maatta for Interference.
9:55 of 3rd period - Garnet Hathaway wins face-off versus Tommy Wingels in Sasquatch zone.
10:20 of 3rd period - Yann Sauvé is hit by Nick Bjugstad and loses puck.
10:25 of 3rd period - Snap shot by Matt Frattin.
10:25 of 3rd period - Shot Misses the Net.
10:41 of 3rd period - Snap shot by Teemu Hartikainen.
10:41 of 3rd period - Shot Misses the Net.
10:43 of 3rd period - Snap shot by Teemu Hartikainen.
10:43 of 3rd period - Stopped by Brad Thiessen with a rebound.
10:45 of 3rd period - Snap shot by Teemu Hartikainen.
10:45 of 3rd period - Shot Misses the Net.
11:54 of 3rd period - Penalty to Olli Maatta is over, Olli Maatta is back on ice.
11:58 of 3rd period - Yann Sauvé is hit by Logan Stephenson and loses puck.
12:51 of 3rd period - Tommy Wingels is hit by Nick Leddy and loses puck.
13:28 of 3rd period - Icing by Teemu Hartikainen.
13:29 of 3rd period - Zemgus Girgensons wins face-off versus Sergey Kalinin in Sasquatch zone.
13:36 of 3rd period - Olli Maatta is hit by Keegan Lowe.
13:44 of 3rd period - Sergey Kalinin is hit by Zemgus Girgensons and loses puck.
14:02 of 3rd period - Snap shot by Filip Forsberg.
14:02 of 3rd period - Stopped by Brad Thiessen without a rebound.
14:03 of 3rd period - Stephane Da Costa wins face-off versus Chris Thorburn in Senators zone.
14:08 of 3rd period - Slapshot by Nick Leddy.
14:08 of 3rd period - Shot Blocked by Patrick Wey.
14:16 of 3rd period - Minor Penalty to Jason Akeson for Hooking.
14:17 of 3rd period - Drew Shore wins face-off versus Tommy Wingels in Sasquatch zone.
14:28 of 3rd period - Snap shot by Tommy Wingels.
14:28 of 3rd period - Shot Blocked by Yann Sauvé.
14:30 of 3rd period - Slapshot by Logan Stephenson.
14:30 of 3rd period - Deflect By Sergei Kostitsyn.
14:30 of 3rd period - Shot Misses the Net.
14:30 of 3rd period - Puck is out of play.
14:31 of 3rd period - Tommy Wingels wins face-off versus Drew Shore in Sasquatch zone.
15:11 of 3rd period - Logan Stephenson is hit by Olli Maatta and loses puck.
15:39 of 3rd period - Slapshot by Sergei Kostitsyn.
15:39 of 3rd period - Goal by Sergei Kostitsyn - Senators : 4 - Sasquatch : 4.
15:40 of 3rd period - Stephane Da Costa wins face-off versus Shane Prince in neutral zone.
16:02 of 3rd period - Icing by Nick Leddy.
16:03 of 3rd period - Tommy Wingels wins face-off versus Rickard Rakell in Sasquatch zone.
16:06 of 3rd period - Backhand shot by Sergei Kostitsyn.
16:06 of 3rd period - Shot Misses the Net.
16:08 of 3rd period - Wrist shot by Chris Thorburn.
16:08 of 3rd period - Stopped by Corey Crawford without a rebound.
16:09 of 3rd period - Tommy Wingels wins face-off versus Brock Trotter in Sasquatch zone.
16:59 of 3rd period - Logan Stephenson is hit by Garnet Hathaway and loses puck.
17:28 of 3rd period - Snap shot by Sergei Kostitsyn.
17:28 of 3rd period - Shot Misses the Net.
17:30 of 3rd period - Snap shot by Sergei Kostitsyn.
17:30 of 3rd period - Shot Misses the Net.
17:50 of 3rd period - Snap shot by Chris Thorburn.
17:50 of 3rd period - Stopped by Corey Crawford with a rebound.
17:54 of 3rd period - Snap shot by Sergei Kostitsyn.
17:54 of 3rd period - Shot Misses the Net.
17:56 of 3rd period - Slapshot by Patrick Wey.
17:56 of 3rd period - Stopped by Corey Crawford with a rebound.
17:58 of 3rd period - Snap shot by Sergei Kostitsyn.
17:58 of 3rd period - Stopped by Corey Crawford with a rebound.
18:00 of 3rd period - Slapshot by Logan Stephenson.
18:00 of 3rd period - Shot Blocked by Jonathan Blum.
18:02 of 3rd period - Slapshot by Chris Thorburn.
18:02 of 3rd period - Shot Blocked by Brock Trotter.
18:04 of 3rd period - Slapshot by Patrick Wey.
18:04 of 3rd period - Stopped by Corey Crawford with a rebound.
18:06 of 3rd period - Wrist shot by Sergei Kostitsyn.
18:06 of 3rd period - Stopped by Corey Crawford with a rebound.
18:10 of 3rd period - Wrist shot by Sergei Kostitsyn.
18:10 of 3rd period - Shot Blocked by Slava Voynov.
18:12 of 3rd period - Slapshot by Chris Thorburn.
18:12 of 3rd period - Shot Blocked by Garnet Hathaway.
18:14 of 3rd period - Slapshot by Patrick Wey.
18:14 of 3rd period - Shot Blocked by Slava Voynov.
18:16 of 3rd period - Wrist shot by Tommy Wingels.
18:16 of 3rd period - Deflect By Chris Thorburn.
18:16 of 3rd period - Stopped by Corey Crawford without a rebound.
18:17 of 3rd period - Stephane Da Costa wins face-off versus Shane Prince in Sasquatch zone.
18:19 of 3rd period - Minor Penalty to Stephane Da Costa for Hooking.
18:20 of 3rd period - Sergey Kalinin wins face-off versus Matt Frattin in Sasquatch zone.
18:27 of 3rd period - Icing by Gabriel Landeskog.
18:28 of 3rd period - Sergey Kalinin wins face-off versus Nick Bjugstad in Senators zone.
19:16 of 3rd period - Backhand shot by Gabriel Landeskog.
19:16 of 3rd period - Shot Blocked by Jonathan Blum.
19:32 of 3rd period - Wrist shot by Gabriel Landeskog.
19:32 of 3rd period - Deflect By Nick Bjugstad.
19:32 of 3rd period - Goal by Nick Bjugstad - Senators : 5 - Sasquatch : 4.
19:33 of 3rd period - Stephane Da Costa wins face-off versus Tommy Wingels in neutral zone.
19:36 of 3rd period - Sasquatch, Corey Crawford is pulled from the net.
19:40 of 3rd period - Wrist shot by Jason Akeson.
19:40 of 3rd period - Shot Blocked by Logan Stephenson.
19:42 of 3rd period - Slapshot by Stephane Da Costa.
19:42 of 3rd period - Shot Misses the Net.
19:44 of 3rd period - Wrist shot by Stephane Da Costa.
19:44 of 3rd period - Deflect By Jason Akeson.
19:44 of 3rd period - Shot Blocked by Sergei Kostitsyn.
19:44 of 3rd period - Puck is out of play.
19:45 of 3rd period - Dave Tippett call a timeout for Sasquatch.
19:45 of 3rd period - Stephane Da Costa wins face-off versus Tommy Wingels in Senators zone.
19:46 of 3rd period - Snap shot by Filip Forsberg.
19:46 of 3rd period - Stopped by Brad Thiessen with a rebound.
Goals for this period are 3 for Senators vs 2 for Sasquatch.
Shots for this period are 12 for Senators vs 16 for Sasquatch.
Back to the Top